 Dungeon Crawl Stone Soup version 0.20.0-15-g7f486f2 (webtiles) character file.

113 theemperora the Grave Robber (level 4, -3/31 HPs)
             Began as a Mummy Necromancer on June 9, 2017.
             Slain by an orc
             ... wielding a +0 flail
              (4 damage)
             ... on level 4 of the Dungeon.
             The game lasted 00:13:32 (2732 turns).

theemperora the Grave Robber (Mummy Necromancer)    Turns: 2732, Time: 00:13:33

Health: -3/31      AC:  4    Str: 11    XL:     4   Next: 65%
Magic:  1/10       EV: 12    Int: 15    God:
Gold:   154        SH:  0    Dex: 12    Spells: 5/11 levels left

rFire    x . .     SeeInvis .   e - +0 dagger
rCold    + . .     Gourm    +   (no shield)
rNeg     + + +     Faith    .   a - +0 robe
rPois    ∞         Spirit   .   (no helmet)
rElec    .         Reflect  .   (no cloak)
rCorr    .         Harm     .   (no gloves)
MR       .....                  d - +1 pair of boots
Stlth    ++........             h - amulet of the gourmand
Regen    0.1/turn               (no ring)
MPRegen  0.2/turn               (no ring)

@: no status effects
A: no food or potions, fire vulnerability, cold resistance 1, negative energy
resistance 3, torment resistance, unbreathing
a: no special abilities


You were on level 4 of the Dungeon.
You were not hungry.

You visited 1 branch of the dungeon, and saw 4 of its levels.

You collected 154 gold pieces.

Inventory:

Hand Weapons
 e - a +0 dagger (weapon)
Armour
 a - a +0 robe (worn)
 d - a +1 pair of boots (worn)
 f - a +2 buckler
Jewellery
 h - an amulet of the gourmand (around neck)
 k - a cursed amulet of harm
Scrolls
 c - 2 scrolls of remove curse
 g - a scroll of enchant weapon {unknown}
Books
 b - a book of Necromancy

   Spells                             Type                      Level
   a - Pain                           Necromancy                   1
   b - Animate Skeleton               Necromancy                   1
   c - Vampiric Draining              Necromancy                   3
   d - Regeneration                   Charms/Necromancy            3
   e - Animate Dead                   Necromancy                   4
   f - Control Undead                 Necromancy                   4
 j - a book of Misfortune

   Spells                             Type                      Level
   a - Confusing Touch                Hexes                        1
   b - Confuse                        Hexes                        3
   c - Gell's Gravitas                Translocation                3
   d - Petrify                        Transmutation/Earth          4
   e - Metabolic Englaciation         Hexes/Ice                    5
   f - Yara's Violent Unravelling     Hexes/Transmutation          5


   Skills:
 + Level 0.6 Fighting
 * Level 1.9 Dodging
 + Level 1.6 Stealth
 + Level 0.1 Unarmed Combat
 * Level 4.3 Spellcasting
 * Level 4.9 Necromancy


You had 5 spell levels left.
You knew the following spells:

 Your Spells              Type           Power        Failure   Level  Hunger
a - Pain                  Necr           ###.         2%          1    N/A
b - Animate Skeleton      Necr           N/A          2%          1    N/A
c - Animate Dead          Necr           N/A          22%         4    N/A

Dungeon Overview and Level Annotations

Branches:
Dungeon (4/15)
 Temple: D:4-7

Altars:
Elyvilon
The Shining One


Innate Abilities, Weirdness & Mutations

You do not eat or drink.
Your flesh is vulnerable to fire.
You are immune to poison.
Your flesh is cold resistant. (rC+)
You are immune to negative energy. (rN+++)
You are immune to unholy pain and torment.
You can survive without breathing.


Message History

The orc hits your adder zombie with a mace of draining!
The orc hits you with a flail.
* * * LOW HITPOINT WARNING * * *
The orc wizard gestures wildly while chanting.
The orc wizard flickers and vanishes!
Deactivating autopickup; reactivate with Ctrl-A.
Your adder zombie bites the orc.
The orc misses you.
The orc hits something with a mace of draining.
There is a stone staircase leading down here.
You can't go up here!
The orc hits you with a flail!
* * * LOW HITPOINT WARNING * * *
You climb downwards. 2 jackals come into view.
Found a scroll of remove curse and 11 gold pieces.
There is a stone staircase leading up here.
A jackal comes into view.
The orc hits you with a flail.
You die...

# .# #.# #....
####.#.#
####......#
##?.......#
####...#o##.####
...$...@........
####...#.#######
#.h..##.# h.....
#.# ##... #.#
##h# #.# #. #.#
. #.#


You could see an orc and 3 jackals.

Vanquished Creatures
  A gnoll (D:1)
  4 adders
  2 worms (D:2)
  2 dart slugs
  4 leopard geckos
  6 goblins
  4 hobgoblins
  8 jackals (D:1)
  2 quokkas (D:2)
  7 bats
  2 frilled lizards
  3 kobolds (D:1)
  3 rats
48 creatures vanquished.

Vanquished Creatures (collateral kills)
  A goblin (D:3)
1 creature vanquished.

Vanquished Creatures (others)
  An adder (D:2)
1 creature vanquished.

Grand Total: 50 creatures vanquished

Notes
Turn   | Place    | Note
-------+----------+-------------------------------------------
     0 | D:1      | theemperora the Mummy Necromancer began the quest for the Orb.
     0 | D:1      | Reached XP level 1. HP: 13/13 MP: 4/4
     6 | D:1      | Learned a level 1 spell: Animate Skeleton
   365 | D:1      | Reached XP level 2. HP: 19/19 MP: 3/6
  1174 | D:1      | Reached XP level 3. HP: 24/24 MP: 5/7
  1800 | D:2      | Found a white marble altar of Elyvilon.
  1881 | D:2      | Reached XP level 4. HP: 30/30 MP: 2/9
  2084 | D:2      | Found a glowing golden altar of the Shining One.
  2391 | D:2      | Learned a level 4 spell: Animate Dead
  2729 | D:3      | HP: 1/31 [orc/flail (8)]
  2732 | D:4      | Slain by an orc

Skill      XL: |  1  2  3  4 |
---------------+-------------+-----
Spellcasting   | 3 4 |  4.3
Fighting       | |  0.6
Dodging        | |  1.9
Stealth        | |  1.6
Unarmed Combat | |  0.1
Necromancy     | |  4.9

Action                   |  1- 3 |  4- 6 || total
-------------------------+-------+-------++-------
Melee: Unarmed           |    12 |       ||    12
       Dagger            |    10 |     7 ||    17
 Cast: Pain              |    65 |    47 ||   112
       Animate Skeleton  |     6 |     2 ||     8
       Animate Dead      |       |     1 ||     1
  Use: Scroll            |     2 |     4 ||     6
Armor: Robe              |     6 |    14 ||    20
Dodge: Dodged            |    44 |    21 ||    65
